 Dungeon Crawl Stone Soup version 0.23-a0-171-g5ae17c6 (webtiles) character file.

3644 iamserjio the Fighter (level 10, 0/107 HPs)
             Began as an Ogre Wanderer on Sept 14, 2018.
             Was a Follower of Fedhas.
             Succumbed to Harold's poison
             ... on level 8 of the Dungeon.
             The game lasted 00:32:08 (11412 turns).

iamserjio the Fighter (Ogre Wanderer)              Turns: 11412, Time: 00:32:09

Health: 0/107      AC:  6    Str: 16    XL:     10   Next: 12%
Magic:  8/15       EV: 11    Int: 23    God:    Fedhas [*.....]
Gold:   155        SH:  0    Dex:  8    Spells: 2/16 levels left

rFire    + + .     SeeInvis .   l - +5 rapier (venom)
rCold    + . .     Gourm    .   (no shield)
rNeg     . . .     Faith    .   a - +2 robe
rPois    +         Spirit   +   G - +1 hat
rElec    +         Reflect  .   E - scarf {Spirit}
rCorr    +         Harm     .   (gloves unavailable)
MR       +....                  (boots unavailable)
Stlth    +.........             F - amulet of magic regeneration
HPRegen  0.27/turn              s - ring of protection from fire
MPRegen  0.39/turn              (no ring)

@: brilliant, lethally poisoned (0 -> -8), resistant, very slightly contaminated
A: large, unfitting armour, tough skin 1
a: Fungal Bloom, Sunlight, Renounce Religion


You were on level 8 of the Dungeon.
You worshipped Fedhas.
Fedhas was aware of your devotion.
You were not hungry.

You visited 2 branches of the dungeon, and saw 9 of its levels.

You collected 405 gold pieces.
You spent 250 gold pieces at shops.

Inventory:

Hand Weapons
 b - a +0 spear
 d - a +1 blowgun
 l - a +5 rapier of venom (weapon)
 n - a +0 dire flail
 p - a +0 hunting sling
 x - a +2 antimagic short sword
 y - a +0 trident
 I - a +2 trident
Missiles
 c - 60 poisoned needles
 e - 234 arrows
 f - 3 tomahawks (quivered)
 h - 198 stones
 u - 126 sling bullets
 M - 2 javelins
Armour
 a - a +2 robe (worn)
 t - a +0 cloak
 E - a scarf of spirit shield (worn)
 G - a +1 hat (worn)
Jewellery
 s - a ring of protection from fire (left hand)
 F - an amulet of magic regeneration (around neck)
Wands
 m - a wand of enslavement (19)
 r - a wand of flame (21)
 H - a wand of iceblast (7)
 L - a wand of acid (1)
Scrolls
 i - 3 scrolls of remove curse {@r2}
 j - a scroll of fog {unknown}
 o - a scroll of immolation {unknown}
 q - 3 scrolls of random uselessness
 w - a scroll of blinking {unknown}
 z - a scroll of fear {unknown}
 A - a scroll of teleportation
 C - a scroll of amnesia {unknown}
 K - a scroll of holy word {unknown}
 N - a scroll of noise {unknown}
 O - a scroll of vulnerability {unknown}
Potions
 g - 2 potions of haste
 v - 2 potions of degeneration
 B - a potion of flight


   Skills:
 * Level 9.1 Fighting
 - Level 4.0 Polearms
 - Level 1.0 Throwing
 - Level 4.0 Dodging
 - Level 7.6 Unarmed Combat
 - Level 3.5 Spellcasting
 - Level 6.4 Transmutations
 - Level 1.0 Poison Magic
 - Level 1.0 Evocations


You had 2 spell levels left.
You knew the following spells:

 Your Spells              Type           Power        Failure   Level  Hunger
a - Sticks to Snakes      Tmut           #####...     1%          2    #......
b - Spider Form           Tmut/Pois      ####......   1%          3    ###....
c - Ice Form              Ice/Tmut       ####....     3%          4    ####...
d - Blade Hands           Tmut           #####.....   2%          5    ######.

Your spell library contained the following spells:

 Spells                   Type           Power        Failure   Level  Hunger
 Beastly Appendage        Tmut           #####.       1%          1    None
 Magic Dart               Conj           ###.         1%          1    None
 Searing Ray              Conj           ###...       2%          2    #......
 Dazzling Spray           Conj/Hex       ###...       4%          3    ###....
 Force Lance              Conj/Tloc      ###.....     12%         4    ####...
 Fulminant Prism          Conj/Hex       ###.......   12%         4    ####...
 Iskenderun's Mystic Bla  Conj           ###.....     12%         4    ####...


Dungeon Overview and Level Annotations

Branches:
Dungeon (8/15)             Temple (1/1) D:4
   Lair: D:8-11

Altars:
Ashenzari
Cheibriados
Dithmenos
Elyvilon
Fedhas
Gozag
Hepliaklqana
Kikubaaqudgha
Makhleb
Okawaru
Qazlal
Ru
Sif Muna
Trog
Uskayaw
Vehumet
Wu Jian
Xom
Yredelemnul
Zin
The Shining One

Shops:
D:4 **   D:8 (

Annotations:
D:5 1 runed door, casual's ghost, novice KoFE
D:8 Harold; Maurice


Innate Abilities, Weirdness & Mutations

You are too large for most types of armour.
You have tough skin. (AC +1)


Message History

The bolt of acid hits the giant cockroach.
The giant cockroach is splashed with acid.
The acid corrodes the giant cockroach!
You kill the giant cockroach!
* * * LOW HITPOINT WARNING * * *
You feel sick. The bullfrog hits you. The iguana bites you.
* * * LOW HITPOINT WARNING * * *
The bullfrog hits you.
Okay, then.
You closely miss the iguana.
* * * LOW HITPOINT WARNING * * *
You feel sick.
The bullfrog hits you but does no damage.
The iguana barely misses you. The bullfrog barely misses you.
Unknown command.
Unknown command.
You puncture the iguana!
You kill the iguana!
You die...
Fedhas appreciates your contribution to the ecosystem.

# ...
###....
##.......
#@....#
.###
#F.##...#
.... #.†#
# ...
.... ...
..#.| ###
...#...
...###..
##... ...


You could see a bullfrog.

Vanquished Creatures
  Psyche (D:8)
  A hippogriff (D:8)
  Eustachio (D:5)
  Menkaure (D:5)
  2 phantoms
  5 ogres
  4 centaurs
  A big kobold (D:7)
  6 bullfrogs
  A scorpion (D:6)
  6 wights
  4 howler monkeys
  A crimson imp (D:8)
  A quasit (D:7)
  2 orc priests
  7 hounds
  5 orc wizards
  A centaur skeleton (D:8)
  3 iguanas
  Terence (D:3)
  A statue (D:7)
  4 worker ants
  A hound zombie (D:6)
  7 gnolls (D:6)
  A howler monkey skeleton (D:5)
  5 adders
  2 adder skeletons
  2 worms
  2 dart slugs
  3 leopard geckos
  24 orcs
  8 giant cockroaches
  5 goblins
  9 hobgoblins
  3 quokkas
  3 bats
  6 frilled lizards
  12 kobolds
  A leopard gecko skeleton (D:6)
  A quokka skeleton (D:6)
  3 rats
157 creatures vanquished.

Vanquished Creatures (collateral kills)
  A wight (D:6)
  A jelly (D:7)
  2 orcs (D:8)
4 creatures vanquished.

Vanquished Creatures (others)
  An orc warrior (D:8)
  59 toadstools
60 creatures vanquished.

Grand Total: 221 creatures vanquished

Notes
Turn   | Place    | Note
-------+----------+-------------------------------------------
     0 | D:1      | iamserjio the Ogre Wanderer began the quest for the Orb.
     0 | D:1      | iamserjio set off with: a +2 robe, a +0 spear, 12 poisoned
                  | needles, a +0 blowgun, a ration
     0 | D:1      | Reached XP level 1. HP: 22/22 MP: 1/1
   107 | D:1      | Reached skill level 3 in Fighting
   379 | D:1      | Reached XP level 2. HP: 29/31 MP: 2/2
   900 | D:2      | Reached XP level 3. HP: 37/39 MP: 3/3
  1092 | D:2      | Reached skill level 4 in Fighting
  1782 | D:3      | Found a basalt altar of Yredelemnul.
  2095 | D:3      | Reached XP level 4. HP: 49/49 MP: 4/4
  2424 | D:3      | Noticed Terence
  2437 | D:3      | Killed Terence
  2859 | D:4      | Found a staircase to the Ecumenical Temple.
  2859 | D:4      | Noticed a phantom
  2889 | D:4      | Reached skill level 5 in Fighting
  2912 | D:4      | Killed a phantom
  2912 | D:4      | Reached XP level 5. HP: 24/57 MP: 5/5
  3119 | D:4      | Reached skill level 6 in Fighting
  3119 | D:4      | Reached XP level 6. HP: 60/67 MP: 6/6
  3172 | Temple   | Entered the Ecumenical Temple
  3454 | Temple   | Became a worshipper of Fedhas Madash
  3583 | D:4      | Found Crrextiy's Commerce Corner.
  3610 | D:4      | Reached skill level 7 in Fighting
  4221 | D:4      | Reached skill level 1 in Spellcasting
  4426 | D:4      | Found Yrutso's General Store.
  4740 | D:5      | Entered Level 5 of the Dungeon
  4814 | D:5      | Reached XP level 7. HP: 64/78 MP: 8/8
  4823 | D:5      | Noticed Eustachio
  4991 | D:5      | Killed Eustachio
  4991 | D:5      | Reached skill level 1 in Unarmed Combat
  5442 | D:5      | Found a bloodstained altar of Trog.
  5634 | D:5      | Found a runed door.
  5639 | D:5      | Noticed casual's ghost (novice KoFE)
  5712 | D:5      | Found a glowing golden altar of the Shining One.
  5919 | D:5      | Noticed Menkaure
  5971 | D:5      | Killed Menkaure
  5971 | D:5      | Reached skill level 8 in Fighting
  5971 | D:5      | Reached XP level 8. HP: 12/88 MP: 4/12
  7102 | D:4      | Bought a book of Changes for 250 gold pieces
  7105 | D:4      | Learned a level 2 spell: Sticks to Snakes
  7109 | D:4      | Learned a level 3 spell: Spider Form
  7220 | D:6      | Reached * piety under Fedhas
  7249 | D:6      | Reached skill level 1 in Transmutations
  8026 | D:6      | Reached skill level 1 in Poison Magic
  8220 | D:6      | Found a white marble altar of Elyvilon.
  8502 | D:6      | Reached skill level 9 in Fighting
  8532 | D:6      | Reached skill level 5 in Unarmed Combat
  8532 | D:6      | Reached XP level 9. HP: 65/98 MP: 4/14
  9444 | D:7      | HP: 3/98 [wight/halberd of freezing (3)]
 10260 | D:7      | Found a radiant altar of Vehumet.
 10676 | D:8      | Reached skill level 5 in Transmutations
 10696 | D:8      | Noticed Psyche
 10702 | D:8      | Killed Psyche
 10758 | D:8      | Reached XP level 10. HP: 23/107 MP: 8/15
 11254 | D:8      | Learned a level 4 spell: Ice Form
 11260 | D:8      | Learned a level 5 spell: Blade Hands
 11288 | D:8      | Found a shimmering altar of Xom.
 11289 | D:8      | Found a hazy altar of Hepliaklqana.
 11290 | D:8      | Noticed a spectral ugly thing
 11320 | D:8      | Found Juciamue's Weapon Shoppe.
 11381 | D:8      | Noticed Harold
 11386 | D:8      | Noticed Maurice
 11409 | D:8      | HP: 4/107 [poisoned by Harold]
 11412 | D:8      | Succumbed to Harold's poison

Vault maps used:
D:1:      matt_arrival_diagonals, minmay_tromino_v4_b
D:3:      old_standard_altar, uniq_terence
D:4:      minmay_temple_entry_statues_fountains, serial_shops, shop,
          nicolae_alphabet_shops
D:5:      nicolae_overflow_crystal_walls, kennysheep_mini, first_ration,
          ebering_ghost_sewer_d, uniq_eustachio, uniq_menkaure
D:6:      elyvilon_altar_3, minmay_strange_pillars, kennysheep_cross_room
D:7:      vehumet_statue, hangedman_abyss_or_decor_passed,
          mumra_transporter_accident
D:8:      regret_index_temple_of_mockery, lair_entry_dummy, serial_shops, shop,
          minmay_radiant, uniq_harold, uniq_psyche, uniq_maurice
Temple:   minmay_temple_curvy_branch

Skill      XL: |  1  2  3  4  5  6  7  8  9 |
---------------+----------------------------+-----
Fighting       | 3 4 5 6 7 8 9 |  9.1
Polearms       | 2 4 |  4.0
Spellcasting   | 1 3 |  3.5
Unarmed Combat | 3 5 7 |  7.6
Dodging        | 4 |  4.0
Transmutations | 2 6 |  6.4
Poison Magic   | 1 |  1.0
Throwing       | |  1.0
Evocations     | |  1.0

Action                   |  1- 3 |  4- 6 |  7- 9 | 10-12 || total
-------------------------+-------+-------+-------+-------++-------
Melee: Spear             |   161 |   170 |       |       ||   331
       Trident           |       |    68 |    11 |       ||    79
       Rapier            |       |       |   299 |    21 ||   320
       Short sword       |       |       |    10 |       ||    10
       Punch             |       |       |     3 |     2 ||     5
       Unarmed           |       |       |    21 |     4 ||    25
 Fire: Hunting sling     |       |    20 |       |       ||    20
       Blowgun           |       |     9 |    15 |       ||    24
Throw: Tomahawk          |       |       |     2 |       ||     2
 Cast: Sticks to Snakes  |       |       |    16 |       ||    16
       Spider Form       |       |       |     2 |     2 ||     4
Invok: Fungal Bloom      |       |     3 |    22 |     4 ||    29
Evoke: Wand              |       |       |     1 |     4 ||     5
  Use: Scroll            |       |     5 |     9 |     2 ||    16
       Potion            |       |     1 |     2 |     4 ||     7
 Stab: Sleeping          |       |     1 |     1 |       ||     2
  Eat: Chunk             |     3 |     5 |     9 |     2 ||    19
       Ration            |       |     1 |     4 |       ||     5
Armor: Robe              |    33 |    69 |   122 |    10 ||   234
       Skin              |       |       |     1 |       ||     1
Dodge: Dodged            |    84 |   128 |   242 |    25 ||   479

Table legend:
 A = Non-vault XP
 B = Vault XP
 C = Vault XP percentage of total XP
 D = Non-vault monster count
 E = Vault monster count
 F = Vault count percentage of total count
                 A         B        C        D         E       F
            +---------+---------+-------+---------+---------+-------
      Total |    4276 |     930 |  17.9 |     153 |       9 |   5.6
            +---------+---------+-------+---------+---------+-------
        D:1 |      16 |       4 |  20.0 |       9 |       2 |  18.2
        D:2 |      45 |       0 |   0.0 |      18 |       0 |   0.0
        D:3 |      51 |      32 |  38.6 |      18 |       1 |   5.3
        D:4 |     430 |       0 |   0.0 |      16 |       0 |   0.0
        D:5 |     627 |     369 |  37.0 |      22 |       2 |   8.3
        D:6 |    1085 |       0 |   0.0 |      29 |       0 |   0.0
        D:7 |     799 |      32 |   3.9 |      20 |       1 |   4.8
        D:8 |    1223 |     493 |  28.7 |      21 |       3 |  12.5
            +---------+---------+-------+---------+---------+-------
